 Dungeon Crawl Stone Soup version 0.25-a0-294-gea9b1ad (webtiles) character file.

Game seed: 9878104961200871524, levelgen mode: deterministic

233 15 the Gusty (level 6, -6/32 HPs)
             Began as a Tengu Air Elementalist on Dec 17, 2019.
             Mangled by Crazy Yiuf
             ... wielding a +4 quarterstaff of chaos
              (14 damage)
             ... on level 3 of the Dungeon.
             The game lasted 00:10:55 (2663 turns).

15 the Gusty (Tengu Air Elementalist)               Turns: 2663, Time: 00:10:56

Health: -6/32      AC:  2    Str: 10    XL:     6   Next: 4%
Magic:  1/11       EV: 16    Int: 15    God:
Gold:   139        SH:  0    Dex: 15    Spells: 0/10 levels left

rFire    . . .     SeeInvis .   b - +5 dagger (speed)
rCold    . . .     Gourm    .   (no shield)
rNeg     . . .     Faith    .   a - +0 robe
rPois    .         Spirit   .   (helmet restricted)
rElec    .         Reflect  .   (no cloak)
rCorr    .         Harm     .   (no gloves)
MR       .....                  (boots unavailable)
Stlth    ++........             (no amulet)
HPRegen  0.10/turn              (no ring)
MPRegen  0.12/turn              (no ring)

@: flying quickly and evasively, quick
A: beak, talons 3, able to fly
a: Stop Flying


You were on level 3 of the Dungeon.
You were hungry.

You visited 1 branch of the dungeon, and saw 3 of its levels.

You collected 139 gold pieces.

Inventory:

Hand Weapons
 b - a +5 dagger of speed (weapon)
 h - a +0 whip
Armour
 a - a +0 robe (worn)
Scrolls
 e - 3 scrolls of remove curse {unknown}
 g - a scroll of identify {unknown}
Potions
 d - a potion of curing {unknown}
 f - 2 potions of magic {unknown}
 i - a potion of brilliance
Comestibles
 c - 9 rations
 j - 4 chunks of flesh


   Skills:
 * Level 1.4 Armour
 * Level 3.7 Dodging
 + Level 2.2 Stealth
 + Level 2.7 Spellcasting
 * Level 3.0 Conjurations
 * Level 6.0 Air Magic


You couldn't memorise any spells.
You knew the following spells:

 Your Spells              Type           Power        Failure   Level  Hunger
a - Shock                 Conj/Air       ###.         3%          1    #......
b - Swiftness             Chrm/Air       ##......     9%          2    ##.....
c - Static Discharge      Conj/Air       ###.....     10%         3    ###....
d - Airstrike             Air            ###.......   17%         4    #####..

Your spell library contained the following spells:

 Spells                   Type           Power        Failure   Level  Hunger
 Lightning Bolt           Conj/Air       ###.......   65%         5    ######.


Dungeon Overview and Level Annotations

Branches:
Dungeon (3/15)

Altars:
Nemelex Xobeh

Annotations:
D:3 Crazy Yiuf


Innate Abilities, Weirdness & Mutations

You have a beak for a mouth.
You have claws for feet.
You can fly continuously.


Message History

Press: ? - help, Shift-Dir - straight line The zap hits Crazy Yiuf.
Crazy Yiuf is moderately wounded.
The zap misses Crazy Yiuf.
Casting: Shock (safe; 3% risk of failure)
Confirm with . or Enter, or press ? or * to list all spells.
Crazy Yiuf is struck by an arc of lightning.
Crazy Yiuf is severely wounded.
The lightning grounds out.
You are feeling hungry.
Crazy Yiuf hits you with a +4 quarterstaff of chaos.
Casting: Static Discharge (safe; 10% risk of failure)
Confirm with . or Enter, or press ? or * to list all spells.
Crazy Yiuf is struck by an arc of lightning.
Crazy Yiuf is almost dead.
You are struck by an arc of lightning.
The lightning grounds out.
Crazy Yiuf hits you with a +4 quarterstaff of chaos!
* * * LOW HITPOINT WARNING * * *
You are electrocuted!
You die...

####.....#
#.....# #.....#
#.##### ##.#
#..##♣♣♣♣♣
#.#....♣.♣♣♣ ####
#.......♣..♣#...#
#......♣♣♣♣.@g..#
##....♣♣ ♣♣#..)#
####♣♣ ####


You could see Crazy Yiuf.

Vanquished Creatures
  An orc priest (D:3)
  A hound (D:3)
  Ijyb (D:3)
  An orc wizard (D:3)
  Robin (D:2)
  An adder (D:3)
  2 oozes
  An adder zombie (D:2)
  5 leopard geckos
  An orc (D:3)
  2 ball pythons (D:2)
  A giant cockroach (D:1)
  16 goblins
  15 hobgoblins
  4 jackals
  10 kobolds
  A quokka (D:2)
  7 bats
  5 frilled lizards
  5 rats
81 creatures vanquished.

Notes
Turn   | Place    | Note
-------+----------+-------------------------------------------
     0 | D:1      | 15 the Tengu Air Elementalist began the quest for the Orb.
     0 | D:1      | Reached XP level 1. HP: 10/10 MP: 4/4
   114 | D:1      | Reached XP level 2. HP: 15/15 MP: 1/6
   738 | D:2      | Reached XP level 3. HP: 19/19 MP: 3/7
   819 | D:2      | Learned a level 2 spell: Swiftness
   823 | D:2      | Learned a level 3 spell: Static Discharge
   931 | D:2      | You fall into a shaft and drop 1 floor!
   931 | D:3      | Noticed Ijyb
  1042 | D:3      | Reached skill level 5 in Air Magic
  1078 | D:3      | Reached XP level 4. HP: 5/24 MP: 5/8
  1145 | D:3      | Killed Ijyb
  1145 | D:3      | Reached skill level 1 in Armour
  1161 | D:3      | Gained mutation: You can fly continuously. [Tengu growth]
  1161 | D:3      | Reached XP level 5. HP: 8/28 MP: 0/9
  1555 | D:2      | Found a sparkling altar of Nemelex Xobeh.
  1559 | D:2      | Noticed Robin
  1634 | D:2      | Killed Robin
  1757 | D:2      | Reached skill level 6 in Air Magic
  2503 | D:3      | Reached XP level 6. HP: 27/32 MP: 9/11
  2510 | D:3      | Learned a level 4 spell: Airstrike
  2652 | D:3      | Found a runed translucent door.
  2653 | D:3      | Noticed Crazy Yiuf
  2663 | D:3      | Mangled by Crazy Yiuf

Levels and vault maps discovered:
D:1:      dpeg_arrival_renting, layout_loops_ring
D:2:      layout_basic, nemelex_xobeh_ov_fountains_minmay, uniq_robin
D:3:      layout_rooms, uniq_ijyb, uniq_crazy_yiuf_cottage

Skill      XL: |  1  2  3  4  5 |
---------------+----------------+-----
Air Magic      | 5 6 |  6.0
Conjurations   | 2 3 |  3.0
Armour         | 1 |  1.4
Dodging        | 3 |  3.7
Stealth        | |  2.2
Spellcasting   | |  2.7

Action                   |  1- 3 |  4- 6 || total
-------------------------+-------+-------++-------
Melee: Unarmed           |     2 |       ||     2
       Kick              |     8 |     9 ||    17
       Club              |     8 |       ||     8
       Peck              |     2 |     4 ||     6
       Whip              |    22 |    14 ||    36
       Dagger            |       |    49 ||    49
 Cast: Shock             |    60 |    64 ||   124
       Static Discharge  |       |     4 ||     4
       Swiftness         |       |     1 ||     1
 Abil: Fly               |       |     1 ||     1
  Use: Potion            |     2 |       ||     2
       Scroll            |     1 |     1 ||     2
 Stab: Sleeping          |       |     1 ||     1
  Eat: Chunk             |     2 |     5 ||     7
Armor: Robe              |    10 |    14 ||    24
Dodge: Dodged            |    28 |    55 ||    83

Table legend:
 A = Non-vault XP
 B = Vault XP
 C = Vault XP percentage of total XP
 D = Non-vault monster count
 E = Vault monster count
 F = Vault count percentage of total count
                 A         B        C        D         E       F
            +---------+---------+-------+---------+---------+-------
      Total |     262 |      71 |  21.3 |      68 |      13 |  16.0
            +---------+---------+-------+---------+---------+-------
        D:1 |      31 |       0 |   0.0 |      14 |       0 |   0.0
        D:2 |      56 |      36 |  39.1 |      27 |      12 |  30.8
        D:3 |     175 |      35 |  16.7 |      27 |       1 |   3.6
            +---------+---------+-------+---------+---------+-------
